 Dungeon Crawl Stone Soup version 0.24.0-123-gd5b16e6ec5 (webtiles) character file.

Game seed: 15983816631779974544, levelgen mode: deterministic

1166 Peloso the Slasher (level 8, -3/69 HPs)
             Began as a Minotaur Fighter on Jan 5, 2020.
             Splashed by Pikel's acid (15 damage)
             ... on level 6 of the Dungeon.
             The game lasted 00:12:11 (5050 turns).

Peloso the Slasher (Minotaur Fighter)               Turns: 5050, Time: 00:12:12

Health: -3/69      AC:  2    Str: 26    XL:     8   Next: 17%
Magic:  7/7        EV:  7    Int:  5    God:
Gold:   210        SH: 11    Dex: 12    Spells: 7/7 levels left

rFire    . . .     SeeInvis .   a - +0 long sword
rCold    . . .     Gourm    +   c - +0 shield
rNeg     . . .     Faith    .   e - +0 chain mail
rPois    .         Spirit   .   (helmet restricted)
rElec    .         Reflect  .   (no cloak)
rCorr    .         Harm     .   (no gloves)
MR       .....                  (no boots)
Stlth    ..........             k - amulet of the gourmand
HPRegen  0.21/turn              (no ring)
MPRegen  0.10/turn              (no ring)

@: mighty, corroded
A: retaliatory headbutt, horns 2
a: no special abilities


You were on level 6 of the Dungeon.
You were very full.

You visited 1 branch of the dungeon, and saw 6 of its levels.
You also visited: Sewer.

You collected 210 gold pieces.

Inventory:

Hand Weapons
 a - a +0 long sword (weapon)
 b - a +0 short sword of speed
Armour
 c - a +0 shield (worn)
 e - a +0 chain mail (worn)
Jewellery
 k - an amulet of the gourmand (around neck)
 t - a cursed -2 ring of strength {unknown}
 z - an uncursed ring of protection from cold {unknown}
Wands
 v - a wand of random effects (17)
Scrolls
 g - 4 scrolls of remove curse
 h - 2 scrolls of fog {unknown}
 i - a scroll of random uselessness {unknown}
 l - a scroll of fear
 m - 3 scrolls of amnesia {unknown}
 n - 3 scrolls of enchant weapon {unknown}
 o - a scroll of magic mapping
 q - 4 scrolls of teleportation
 r - a scroll of noise
 u - a scroll of blinking
 w - a scroll of identify
 y - a scroll of immolation {unknown}
Potions
 d - 2 potions of might
 j - 3 potions of brilliance
 p - 3 potions of haste
 s - a potion of mutation
Comestibles
 f - 8 rations


   Skills:
 + Level 5.4 Fighting
 + Level 7.6 Long Blades
 + Level 5.9 Armour
 + Level 2.0 Dodging
 + Level 0.6 Stealth
 + Level 6.9 Shields


You had 7 spell levels left.
You didn't know any spells.
Your spell library was empty.

Dungeon Overview and Level Annotations

Branches:
Dungeon (6/15)              Sewer (visited)
 Temple: D:4-7

Altars:
Ashenzari
Cheibriados
Elyvilon
Kikubaaqudgha
Sif Muna
Wu Jian
Xom

Annotations:
D:6 Pikel


Innate Abilities, Weirdness & Mutations

You reflexively headbutt those who attack you in melee.
You have a pair of horns on your head.


Message History

Pikel is heavily wounded.
You block Pikel's attack.
You hit Pikel but do no damage.
Pikel is heavily wounded.
You block Pikel's attack.
You feel better.
Pikel zaps a wand.
The bolt of acid misses you.
You feel very mighty all of a sudden.
Pikel hits you with a +2 whip of freezing.
Pikel freezes you.
Unknown command.
You hit Pikel. You headbutt Pikel!
Pikel is almost dead.
Pikel checks his coin pouch and frowns.
You block Pikel's attack.
You closely miss Pikel.
Pikel is almost dead.
Pikel zaps a wand.
The bolt of acid hits you!
* * * LOW HITPOINT WARNING * * *
The acid corrodes you!
You are splashed with acid!
You die...

#..# #..#
#..# ###..##
###
#.....######
..
##...........
#.
#..._..#####.
#.###p....(#
#.@Kpp.....#
#######.<#$#
#..#...
#.#p......
#.###.#=###
#.# #..# #.#
#.# ## ##


You could see Pikel and 3 slaves.

Vanquished Creatures
  Menkaure (D:5)
  Edmund (D:5)
  A slave (D:6)
  2 sky beasts (D:5)
  A phantom (D:5)
  An ogre (D:6)
  A centaur (D:5)
  A bullfrog (D:2)
  A water moccasin skeleton (D:5)
  A jelly (D:5)
  2 orc wizards
  Crazy Yiuf (D:5)
  3 worker ants
  A worker ant zombie (D:6)
  4 gnolls (D:3)
  4 adders
  An adder skeleton (D:4)
  A worm (D:3)
  2 dart slugs
  6 leopard geckos
  9 orcs
  6 ball pythons
  3 giant cockroaches
  7 goblins
  6 hobgoblins
  11 jackals
  11 kobolds
  2 quokkas
  11 bats
  7 frilled lizards
  A leopard gecko skeleton (D:5)
  2 quokka skeletons (D:4)
  5 rats
  6 plants (Sewer)
123 creatures vanquished.

Vanquished Creatures (others)
  A plant (Sewer)
1 creature vanquished.

Grand Total: 124 creatures vanquished

Notes
Turn   | Place    | Note
-------+----------+-------------------------------------------
     0 | D:1      | Peloso the Minotaur Fighter began the quest for the Orb.
     0 | D:1      | Reached XP level 1. HP: 19/19 MP: 0/0
   100 | D:1      | Reached XP level 2. HP: 27/27 MP: 1/1
   230 | D:1      | You fall into a shaft and drop 1 floor!
   314 | D:2      | Noticed a bullfrog
   319 | D:2      | Killed a bullfrog
   319 | D:2      | Reached skill level 3 in Long Blades
   319 | D:2      | Reached XP level 3. HP: 9/33 MP: 2/2
   319 | D:2      | Reached XP level 4. HP: 11/40 MP: 3/3
  1850 | D:3      | Found an ornate altar of the Wu Jian Council.
  1908 | D:3      | Reached XP level 5. HP: 43/47 MP: 4/4
  1921 | D:3      | Reached skill level 5 in Shields
  1929 | D:3      | Reached skill level 4 in Long Blades
  1954 | D:3      | Found a shattered altar of Ashenzari.
  1955 | D:3      | Found a snail-covered altar of Cheibriados.
  1973 | D:3      | Found a shimmering altar of Xom.
  2125 | D:3      | Found a shimmering blue altar of Sif Muna.
  2350 | D:4      | Found a white marble altar of Elyvilon.
  2373 | D:4      | Found an ancient bone altar of Kikubaaqudgha.
  2506 | D:4      | Found a glowing drain.
  2523 | Sewer    | Entered a sewer
  3434 | D:4      | Reached skill level 5 in Long Blades
  3434 | D:4      | Reached XP level 6. HP: 53/53 MP: 5/5
  3765 | D:5      | Entered Level 5 of the Dungeon
  3765 | D:5      | Noticed a sky beast
  3772 | D:5      | Killed a sky beast
  3772 | D:5      | Reached skill level 5 in Armour
  3772 | D:5      | Reached skill level 1 in Dodging
  3959 | D:5      | Noticed a sky beast
  3973 | D:5      | Killed a sky beast
  4026 | D:5      | Noticed Edmund
  4047 | D:5      | Killed Edmund
  4047 | D:5      | Reached skill level 5 in Fighting
  4047 | D:5      | Reached skill level 6 in Long Blades
  4047 | D:5      | Reached XP level 7. HP: 31/61 MP: 6/6
  4404 | D:5      | Noticed Menkaure
  4411 | D:5      | Killed Menkaure
  4411 | D:5      | Reached skill level 7 in Long Blades
  4854 | D:5      | Found a runed translucent door.
  4855 | D:5      | Noticed Crazy Yiuf
  4861 | D:5      | Killed Crazy Yiuf
  4861 | D:5      | Reached XP level 8. HP: 68/68 MP: 7/7
  4997 | D:6      | Found an ancient bone altar of Kikubaaqudgha.
  5017 | D:6      | Noticed Pikel
  5050 | D:6      | Splashed by Pikel's acid

Levels and vault maps discovered:
D:1:      scummos_arrival_simple_crosswalls, layout_rooms
D:2:      layout_basic
D:3:      layout_basic, chequers_temple_overflow_statue_of_worship,
          marbit_many_paths, led_sif_book
D:4:      layout_loops_ring, elyvilon_altar_4, old_standard_altar,
          cheibrodos_sewer_entry_drain, hangedman_abyss_or_decor_slice
D:5:      layout_loops_ring, serial_rivers, chequers_serial_rivers_small_b,
          chequers_serial_rivers_micro_b, chequers_serial_rivers_micro_c,
          chequers_serial_rivers_large_b, first_ration, uniq_crazy_yiuf_cottage,
          uniq_edmund, uniq_menkaure
D:6:      layout_loops_ring, temple_pool_b, basic_altar, uniq_prince_ribbit1,
          uniq_pikel

Skill      XL: |  1  2  3  4  5  6  7  8 |
---------------+-------------------------+-----
Armour         | 4 5 |  5.9
Fighting       | 4 5 |  5.4
Long Blades    | 3 5 6 7 |  7.6
Shields        | 4 5 6 |  6.9
Dodging        | 1 2 |  2.0
Stealth        | |  0.6

Action                   |  1- 3 |  4- 6 |  7- 9 || total
-------------------------+-------+-------+-------++-------
Melee: Long sword        |    50 |   395 |    89 ||   534
       Headbutt          |     7 |    85 |    21 ||   113
  Use: Potion            |     1 |     3 |     2 ||     6
       Scroll            |       |     7 |       ||     7
  Eat: Chunk             |       |    18 |     9 ||    27
Armor: Scale mail        |    32 |    20 |       ||    52
       Chain mail        |       |    94 |    29 ||   123
Dodge: Dodged            |    24 |    81 |    18 ||   123
Block: Shield            |    27 |   179 |    47 ||   253
       Rpst.: Long sword |     4 |    13 |     4 ||    21
